 Dungeon Crawl Stone Soup version 0.31.0-1-g2c135a0 (webtiles) character file.

Game seed: 17270870057098048915

615 tfc653 the Trooper (level 7, -5/56 HPs)
             Began as a Mummy Fighter on Apr 13, 2024.
             Slain by Duvessa
             ... wielding a +0 short sword
              (6 damage)
             ... on level 4 of the Dungeon.
             The game lasted 00:11:08 (4018 turns).

tfc653 the Trooper (Mummy Fighter)                  Turns: 4018, Time: 00:11:08

Health: -5/56      AC: 12    Str: 21    XL:     7   Next: 21%
Magic:  7/7        EV:  7    Int:  8    God:
Gold:   268        SH:  4    Dex: 11    Spells: 6/6 levels left

rFire   x . .        a - +0 long sword
rCold   + . .        c - +0 buckler
rNeg    + + +        k - +0 chain mail
rPois   ∞            g - +1 helmet
rElec   .            e - +0 cloak
rCorr   .            (no gloves)
SInv    .            (no boots)
Will    .....        (no amulet) Stlth
                     (no ring)
HPRegen 0.29/turn    (no ring)
MPRegen 0.10/turn

%: faith
@: silenced
A: cold resistance 1, negative energy resistance 3, torment resistance 2, heat
vulnerability 1, in touch with death 1, no potions, faith
a: no special abilities


You were on level 4 of the Dungeon.
You visited 1 branch of the dungeon, and saw 4 of its levels.
You also visited: Sewer.

You collected 268 gold pieces.

Inventory:

Hand Weapons
 a - a +0 long sword (weapon)
Missiles
 i - 21 stones (quivered)
Armour
 c - a +0 buckler (worn)
 e - a +0 cloak (worn)
 g - a +1 helmet (worn)
 k - a +0 chain mail (worn)
Scrolls
 b - a scroll of fog
 d - 3 scrolls of identify
 h - a scroll of silence
 j - 2 scrolls of blinking
 m - a scroll of amnesia


   Skills:
 - Level 5.2 Fighting
 + Level 4.5 Long Blades
 + Level 3.3 Armour
 + Level 3.3 Shields


You had 6 spell levels left.
You didn't know any spells.
Your spell library contained the following spells:

 Spells                   Type           Power      Damage    Failure   Level
 Apportation              Tloc           0%         N/A       98%         1
 Necrotise                Necr           0%         1d4       98%         1
 Sting                    Conj/Alch      0%         1d3       98%         1
 Summon Small Mammal      Summ           0%         N/A       98%         1
 Mercury Vapours          Alch/Air       0%         N/A       99%         2
 Fugue of the Fallen      Necr           0%         N/A       100%        3
 Mephitic Cloud           Conj/Alch/Air  0%         N/A       100%        3
 Ozocubu's Armour         Ice            0%         N/A       100%        3
 Manifold Assault         Tloc           0%         N/A       100%        4
 Passage of Golubria      Tloc           0%         N/A       100%        4
 Freezing Cloud           Conj/Ice/Air   0%         6-21      100%        5
 Silence                  Hex/Air        0%         N/A       100%        5
 Lehudib's Crystal Spear  Conj/Erth      0%         10d2      100%        8


Dungeon Overview and Level Annotations

Branches:
Dungeon (4/15)              Sewer (visited)
 Temple: D:4-7

Altars:
Uskayaw
Wu Jian
Yredelemnul

Shops:
D:4 *

Annotations:
D:4 Dowan, Duvessa


Innate Abilities, Weirdness & Mutations

You are immune to poison.
Your flesh is cold resistant. (rC+)
You are immune to negative energy. (rN+++)
You are immune to unholy pain and torment.
You are vulnerable to heat. (rF-)
You are in touch with the powers of death.
You do not drink.
You have a special connection with the divine. (Faith)


Message History

* * * LOW HITPOINT WARNING * * *
Dowan hits you but does no damage. The orc hits you but does no damage.
Duvessa hits you but does no damage. Dowan hits you but does no damage.
Duvessa barely misses you. Duvessa attacks as she pursues you!
Duvessa completely misses you.
You hit Duvessa.
Duvessa is severely wounded.
Duvessa hits you with a +0 short sword.
* * * LOW HITPOINT WARNING * * *
Duvessa hits you but does no damage.
Unknown command.
You hit Duvessa but do no damage.
Duvessa is severely wounded.
You block Duvessa's attack. Duvessa barely misses you.
You slash Duvessa!
Duvessa is almost dead.
Duvessa hits you with a +0 short sword.
* * * LOW HITPOINT WARNING * * *
You hit Duvessa.
Duvessa is almost dead.
Duvessa hits you with a +0 short sword.
* * * LOW HITPOINT WARNING * * *
Duvessa completely misses you.
Unknown command.
You hit Duvessa but do no damage.
Duvessa is almost dead.
You block Duvessa's attack. Duvessa hits you but does no damage.
Unknown command.
You closely miss Duvessa.
Duvessa is almost dead.
Duvessa hits you but does no damage.
You completely miss Duvessa.
Duvessa is almost dead.
Duvessa barely misses you. Duvessa hits you with a +0 short sword!
* * * LOW HITPOINT WARNING * * *
Unknown command.
You hit Duvessa but do no damage.
Duvessa is almost dead.
Duvessa hits you with a +0 short sword.
You die...

......⌠ ..........
....###. .....#.
#...# #....
#'####..######.###
+
#......oee@.......
#.
#.......o###.###..
'. #..####..# # #.
#..####..###'# .
#. #.....#....'_+
.#. #.†...#..#####
. '. #..####..# #
..##
#..#####.#######
....
#...............
#........


You could see Duvessa (fast), Dowan and 2 orcs.

Vanquished Creatures
  Grinder (D:4)
  2 bullfrogs (Sewer)
  An orc wizard (D:4)
  2 hound zombies (D:3)
  10 adders
  An adder zombie (D:3)
  11 dart slugs
  3 ribbon worms
  2 orcs (D:4)
  4 bats
  5 endoplasms
  8 giant cockroaches
  2 goblins (D:4)
  8 hobgoblins
  6 jackals
  5 quokkas
  9 ball pythons
  7 frilled lizards
  4 kobolds
  11 rats
102 creatures vanquished.

Vanquished Creatures (collateral kills)
  An orc priest (D:4)
  2 orcs (D:4)
3 creatures vanquished.

Grand Total: 105 creatures vanquished

Notes
Turn   | Place    | Note
-------+----------+-------------------------------------------
     0 | D:1      | tfc653 the Mummy Fighter began the quest for the Orb.
     0 | D:1      | Reached XP level 1. HP: 18/18 MP: 1/1
   166 | D:1      | Reached XP level 2. HP: 21/24 MP: 2/2
  1031 | D:2      | Reached XP level 3. HP: 30/30 MP: 3/3
  1758 | D:2      | Found a faded altar of an unknown god.
  1826 | D:2      | Reached skill level 4 in Fighting
  1943 | D:3      | Reached XP level 4. HP: 37/37 MP: 4/4
  2129 | D:3      | Found a glowing drain.
  2159 | Sewer    | Entered a sewer
  2631 | Sewer    | Reached XP level 5. HP: 43/43 MP: 5/5
  2910 | Sewer    | Reached skill level 5 in Fighting
  2910 | Sewer    | Reached XP level 6. HP: 48/51 MP: 6/6
  3328 | D:3      | Found a basalt altar of Yredelemnul.
  3345 | D:3      | Found a hide-covered altar of Uskayaw.
  3674 | D:4      | Found Otabena's Elemental Accessories.
  3675 | D:4      | Noticed Grinder
  3694 | D:4      | Killed Grinder
  3695 | D:4      | Reached XP level 7. HP: 46/56 MP: 7/7
  3993 | D:4      | Found an ornate altar of the Wu Jian Council.
  3995 | D:4      | Noticed Duvessa
  3996 | D:4      | Noticed Dowan
  4017 | D:4      | HP: 1/56 [Duvessa/+0 short sword (8)]
  4018 | D:4      | Slain by Duvessa

Illustrated notes

Levels and vault maps discovered:
D:1:      minmay_arrival_cross, layout_basic, serial_bayou_lagoon_b
D:2:      layout_loops_ring, basic_ecumenical_altar, minmay_misc_feat_x,
          minmay_misc_feat_more_columns, nrook_loot_triangle
D:3:      layout_basic, good_gods_temple_1, nicolae_yredelemnul_corpse_copse,
          nicolae_overflow_hidden_temple, gup_sewer_entry_bubbles,
          minmay_misc_feat_chi
D:4:      layout_gridville, lemuel_doored_altar, minmay_temple_entry_junction_2,
          serial_library_hellmonk_u_bend, nicolae_elemental_shop, uniq_grinder,
          uniq_duvessa, uniq_crazy_yiuf_cottage

Skill      XL: |  1  2  3  4  5  6 |
---------------+-------------------+-----
Long Blades    | 2 3 4 |  4.5
Fighting       | 4 5 |  5.2
Armour         | 3 |  3.3
Shields        | 3 |  3.3

Action                     |  1- 3 |  4- 6 |  7- 9 || total
---------------------------+-------+-------+-------++-------
  Melee: Long sword        |   116 |   182 |    62 ||   360
  Throw: Stone             |    11 |     4 |       ||    15
  Evoke: Wand              |       |    10 |     1 ||    11
    Use: Scroll            |     6 |     5 |     2 ||    13
 Armour: Scale mail        |    48 |       |       ||    48
         Chain mail        |    35 |   197 |    81 ||   313
  Dodge: Dodged            |    46 |    79 |    21 ||   146
  Block: Buckler           |    22 |    40 |    20 ||    82
